 Dungeon Crawl Stone Soup version 0.17-a0-1373-g64d4c99 (webtiles) character file.

1686 Chiseanne the Quickloader (level 8, -7/72 HPs)
             Began as a Deep Dwarf Hunter on June 13, 2015.
             Killed by nerve-wracking pain
             ... invoked by an orc priest
              (11 damage)
             ... on level 4 of the Dungeon.
             The game lasted 00:26:55 (5915 turns).

Chiseanne the Quickloader (Deep Dwarf Hunter)       Turns: 5915, Time: 00:26:55

Health: -7/72      AC:  9    Str: 15    XL:     8   Next: 71%
Magic:  0/0        EV:  2    Int: 13    God:
Gold:   299        SH:  0    Dex: -24 (15)Spells: 0 memorised, 7 levels left

rFire  . . .     SeeInvis .     p - -3 flail (curse)
rCold  . . .     Clarity  .     v - +2 scale mail
rNeg   . . .     SustAt   .     (no shield)
rPois  .         Gourm    .     (no helmet)
rElec  .         Spirit   .     (no cloak)
rCorr  .         Warding  .     (no gloves)
rMut   +         Stasis   .     (no boots)
MR     +....                    k - amulet of resist mutation
Stlth  ..........               (no ring)
                                o - -2 ring of evasion (curse)

@: non-regenerating, slowed, lost dexterity, very slow, somewhat resistant to
hostile enchantments, extremely unstealthy
A: damage resistance, recharge devices, sense surroundings 1, slow healing 3
a: Device Recharging


You were on level 4 of the Dungeon.
You were not hungry.

You visited 1 branch of the dungeon, and saw 5 of its levels.
You also visited: Sewer.

You collected 299 gold pieces.

Inventory:

Hand weapons
 a - a +0 short sword
 p - a cursed -3 flail (weapon)
 w - a +1 hand crossbow
Missiles
 b - 10 bolts
 m - 22 sling bullets
 n - 8 needles of frenzy
 q - 4 tomahawks (quivered)
Armour
 v - a +2 scale mail (worn)
Jewellery
 k - an amulet of resist mutation (around neck)
 o - a cursed -2 ring of evasion (left hand)
 x - an uncursed ring of fire
Magical devices
 e - a wand of heal wounds (0)
Scrolls
 g - 3 scrolls of fog
 h - a scroll of amnesia
 s - 2 scrolls of immolation
Comestibles
 c - a meat ration
 f - 5 bread rations
 j - a beef jerky


   Skills:
 * Level 3.8 Fighting
 - Level 9.8 Crossbows
 * Level 4.2 Armour
 * Level 6.2 Dodging
 - Level 1.2 Stealth


You had 7 spell levels left.
You didn't know any spells.

Dungeon Overview and Level Annotations

Branches:
Dungeon (5/15)
 Temple: D:4-7

Altars:

Annotations:
D:4 Duvessa
D:5 Menkaure


Innate Abilities, Weirdness & Mutations

You are resistant to damage.
You can recharge devices by infusing magical energy.
You passively map a small area around you.
You do not heal naturally.


Message History

Something smites you!
* * * LOW HITPOINT WARNING * * *
The quasit barely misses you.
The quasit claws you but does no damage. x2
The orc priest hits you but does no damage.
The quasit bites you.
The quasit claws you but does no damage.
The quasit completely misses you.
You hit the orc priest.
The orc priest is severely wounded.
The quasit bites you but does no damage.
The quasit claws you but does no damage. x2
The orc priest hits you with a trident.
* * * LOW HITPOINT WARNING * * *
The quasit bites you but does no damage.
The quasit claws you but does no damage.
The quasit claws you.
The orc priest mumbles some strange prayers to Beogh against you.
Pain shoots through your body!
You die...

#.#.# ###..# #.#.#
##....## #.#.#
#..##..##
####.#.###.....<..
##.##.#.......##..#
#..............#...
#...>###......#....
#..o## #########...
#.@5# #### #...#
#...# #...# #...#
##.## ###


You could see an orc priest and a quasit.

Vanquished Creatures
  The ghost of ohyou the Charmwright, an average MfSk (D:4)
  Sigmund (D:3)
  An ogre (D:4)
  2 centaurs
  9 big kobolds (D:3)
  A crocodile (Sewer)
  Dowan (D:4)
  2 orc priests (D:3)
  Jessica (D:3)
  2 orc wizards (D:3)
  An iguana (D:4)
  A worker ant (D:4)
  A gnoll (D:3)
  8 adders
  2 oozes
  2 giant geckos
  15 orcs (D:3)
  7 bats
  A bat skeleton (D:4)
  7 giant cockroaches
  11 goblins
  16 hobgoblins
  11 jackals
  47 kobolds
  4 giant newts
  10 rats
165 creatures vanquished.

Notes
Turn   | Place    | Note
--------------------------------------------------------------
     0 | D:1      | Chiseanne the Deep Dwarf Hunter began the quest for the Orb.
     0 | D:1      | Reached XP level 1. HP: 19/19 MP: 1/1
   390 | D:1      | Reached XP level 2. HP: 13/26 MP: 2/2
   586 | D:1      | Reached skill level 5 in Crossbows
   711 | D:2      | Reached XP level 3. HP: 30/32 MP: 3/3
  1532 | D:3      | Reached XP level 4. HP: 21/39 MP: 4/4
  1703 | D:3      | Reached skill level 6 in Crossbows
  1953 | D:3      | Reached XP level 5. HP: 32/45 MP: 5/5
  2520 | D:3      | Noticed Jessica
  2529 | D:3      | Killed Jessica
  2720 | D:3      | Noticed a big kobold
  2756 | D:3      | Killed a big kobold
  2756 | D:3      | Reached skill level 1 in Armour
  2756 | D:3      | Reached XP level 6. HP: 52/55 MP: 6/6
  2798 | D:3      | Noticed a big kobold
  2808 | D:3      | Killed a big kobold
  2808 | D:3      | Reached skill level 7 in Crossbows
  2877 | D:3      | Noticed a big kobold
  2886 | D:3      | Killed a big kobold
  2892 | D:3      | Noticed a big kobold
  2960 | D:3      | Killed a big kobold
  2960 | D:3      | Reached XP level 7. HP: 33/61 MP: 7/7
  3128 | D:3      | Noticed Sigmund
  3141 | D:3      | Killed Sigmund
  3141 | D:3      | Reached skill level 8 in Crossbows
  3195 | D:3      | Noticed a big kobold
  3200 | D:3      | Noticed a big kobold
  3204 | D:3      | Killed a big kobold
  3211 | D:3      | Killed a big kobold
  3211 | D:3      | Reached skill level 5 in Dodging
  3248 | D:3      | Noticed a big kobold
  3248 | D:3      | Noticed a big kobold
  3254 | D:3      | Killed a big kobold
  3262 | D:3      | Killed a big kobold
  3326 | D:3      | Noticed a big kobold
  3335 | D:3      | Killed a big kobold
  3335 | D:3      | Reached XP level 8. HP: 63/69 MP: 7/7
  3491 | D:4      | Noticed ohyou's ghost (average MfSk)
  3545 | D:4      | Noticed Duvessa
  3545 | D:4      | Noticed Dowan
  3598 | D:4      | Found a glowing drain.
  3607 | Sewer    | Entered a sewer
  3688 | Sewer    | Reached skill level 9 in Crossbows
  3790 | D:4      | Killed ohyou's ghost
  3967 | D:4      | Killed Dowan
  4160 | D:5      | Entered Level 5 of the Dungeon
  4170 | D:5      | Noticed Menkaure
  5845 | D:5      | Lost dexterity.
  5915 | D:4      | Killed from afar by an orc priest

Vault maps used:
D:1:      dpeg_arrival_concentric_ovals
D:2:      kennysheep_boxes
D:3:      minmay_goblin_kobold_castle, first_bread, minmay_misc_feat_square,
          guppyfry_early_orc_mine, uniq_sigmund, uniq_jessica
D:4:      portal_sewer_entry_d, uniq_duvessa
D:5:      kennysheep_generic_room_4, uniq_eustachio, uniq_menkaure
Sewer:    sewer_the_crocodile

Action                   |  1- 3 |  4- 6 |  7- 9 || total
-------------------------+-------+-------+-------++-------
Melee: Short sword       |   122 |    72 |   142 ||   336
       Hand crossbow     |       |       |     8 ||     8
       Flail             |       |       |   159 ||   159
 Fire: Hand crossbow     |    36 |   134 |   120 ||   290
Throw: Tomahawk          |       |     3 |     3 ||     6
 Abil: Device Recharging |       |       |     8 ||     8
Evoke: Wand              |     1 |     2 |    36 ||    39
  Use: Scroll            |     4 |     3 |     5 ||    12
       Potion            |       |       |     6 ||     6
 Stab: Sleeping          |     4 |       |       ||     4
  Eat: Chunk             |     2 |     4 |     7 ||    13
       Fruit             |       |       |     4 ||     4
       Pizza             |       |       |     1 ||     1
